Map: Thunderbird LE

Players

Bly - Winner!

  • Race: Zerg Zerg
  • Spawn Location: 5:00

Semper

  • Race: Terran Terran
  • Spawn Location: 11:00

VOD

Have the link to the VOD?

Description

Time

  • Played on: Sept. 6, 2019, 2:19 p.m.
  • Length: 20:30
Show
View Real Time Build Order
Export as new Build Order

Bly Zerg - Winner!

Build Orders: Hatch First, Muta Ling Bane 

Get SALT Encoding   

  12  0:01  Drone  
  13  0:12  Overlord  
  13  0:17  Drone  
  14  0:31  Drone x2  
  16  0:48  Hatchery  
  15  0:51  Drone  
  15  0:55  Drone  
  17  0:57  Drone  
  18  1:12  Extractor  
  18  1:13  Spawning Pool  
  18  1:16  Drone  
  17  1:19  Drone  
  18  1:28  Drone  
  19  1:42  Drone  
  20  1:52  Overlord  
  20  2:00  Queen x2  
  24  2:02  Zergling x4  
  26  2:11  Drone  
  26  2:12  Drone  
  26  2:14  Metabolic Boost  
  28  2:22  Drone x2  
  30  2:34  Extractor  
  29  2:42  Overlord, Queen  
  29  2:43  Drone x2  
  32  2:52  Overlord  
  32  3:01  Drone x2  
  34  3:06  Lair  
  34  3:10  Drone x2  
  36  3:13  Drone x5  
  41  3:20  Spore Crawler  
  41  3:26  Roach Warren  
  39  3:36  Overlord  
  39  3:38  Drone x4  
  42  3:41  Extractor  
  42  3:43  Drone x3  
  42  3:48  Drone x3  
  46  3:52  Extractor  
  46  3:53  Extractor  
  45  3:56  Drone  
  45  3:57  Drone x2  
  48  4:07  Spire  
  47  4:11  Zergling x4  
  49  4:21  Hatchery  
  48  4:26  Roach x3  
  48  4:28  Drone  
  55  4:45  Drone x3  
  58  4:48  Overlord x2  
  57  5:11  Overlord  
  57  5:19  Mutalisk  
  57  5:20  Mutalisk x4  
  67  5:24  Overlord  
  67  5:26  Zerg Flyer Weapons Level 1  
  67  5:27  Glial Reconstitution  
  67  5:32  Drone  
  67  5:35  Overlord, Drone  
  68  5:36  Drone x4  
  71  5:52  Mutalisk x3  
  71  5:55  Drone  
  71  5:56  Drone x4  
  78  5:59  Extractor  
  78  6:00  Extractor  
  76  6:08  Zergling x8  
  76  6:09  Zergling x2  
  76  6:10  Hatchery  
  80  6:19  Mutalisk x2  
  80  6:21  Overlord  
  84  6:32  Overlord  
  84  6:34  Drone x6  
  84  6:37  Overlord  
  90  6:44  Overlord  
  90  6:45  Overlord  
  90  6:46  Drone  
  91  6:47  Overlord  
  91  6:48  Overlord  
  91  6:49  Overlord  
  91  6:50  Queen  
  91  6:51  Overlord  
  82  7:02  Mutalisk  
  82  7:03  Mutalisk x5  
  94  7:12  Roach x4  
  102  7:24  Roach x6  
  112  7:38  Roach x7  
  112  7:41  Overlord  
  126  7:45  Evolution Chamber  
  126  7:46  Overlord  
  126  7:47  Evolution Chamber  
  124  7:53  Overlord  
  124  7:54  Roach x2  
  124  7:55  Roach  
  130  8:02  Overlord  
  130  8:09  Drone x8  
  138  8:18  Zerg Melee Weapons Level 1  
  138  8:21  Zerg Ground Armor Level 1  
  130  8:36  Baneling Nest  
  127  8:42  Zerg Flyer Weapons Level 2  
  127  8:46  Drone x7  
  127  8:48  Hatchery  
  133  8:51  Mutalisk x5  
  133  8:53  Zergling x4  
  139  9:16  Roach x13  
  161  9:23  Extractor  
  161  9:24  Centrifical Hooks  
  160  9:34  Roach x8  
  160  9:38  Drone x3  
  179  9:48  Baneling x4  
  179  9:49  Zergling x10  
  184  9:58  Mutalisk x4  
  192  10:13  Baneling x10  
  192  10:17  Zergling x12  
  192  10:19  Overlord x2  
  192  10:20  Zerg Ground Armor Level 2  
  192  10:21  Zerg Melee Weapons Level 2  
  198  10:32  Infestation Pit  
  195  11:13  Mutalisk x2, Hive  
  199  11:28  Baneling  
  199  11:29  Baneling x12  
  170  12:10  Mutalisk x12  
  170  12:12  Zergling x12  
  170  12:14  Overlord  
  194  12:27  Adrenal Glands  
  194  12:29  Extractor  
  193  12:36  Ultralisk Cavern  
  192  12:41  Hatchery  
  192  12:44  Baneling x10  
  191  12:55  Zergling x18  
  200  13:00  Overlord  
  182  13:22  Chitinous Plating  
  182  13:24  Zerg Melee Weapons Level 3, Zerg Ground Armor Level 3  
  182  13:26  Zergling x34  
  195  13:43  Greater Spire  
  195  13:56  Spore Crawler  
  195  13:57  Zergling x10  
  193  14:24  Ultralisk x2  
  189  14:32  Infestor  
  189  14:33  Infestor x2  
  195  14:44  Anabolic Synthesis  
  195  14:48  Ultralisk  
  195  14:49  Ultralisk  
  197  14:54  Zergling x6  
  196  15:12  Zerg Flyer Armor Level 1  
  152  16:09  Extractor  
  151  16:11  Corruptor x18  
  151  16:12  Corruptor  
  151  16:16  Zergling x2  
  151  16:17  Zergling x20  
  200  16:20  Extractor  
  200  16:22  Hatchery  
  200  16:24  Spore Crawler  
  197  16:26  Spore Crawler  
  197  16:31  Hatchery  
  195  16:41  Spore Crawler, Spine Crawler  
  182  17:30  Brood Lord x8  
  185  17:44  Zergling x32  
  185  17:50  Zergling x18  
  185  17:51  Zergling x4  
  186  18:04  Brood Lord  
  186  18:05  Brood Lord x4  
  170  18:11  Corruptor x2  
  168  18:13  Zergling x14  
  168  18:14  Zergling x16  
  173  18:30  Drone  
  174  18:34  Zergling x4  
  174  18:35  Zergling x20  
  186  18:43  Overseer x5  
  186  18:48  Hatchery  
  186  18:49  Corruptor, Extractor x2  
  186  18:55  Baneling x4  
  185  19:01  Drone x2  
  187  19:09  Baneling x3  
  187  19:10  Baneling x3  
  183  19:23  Zergling x12  
  183  19:24  Zergling x30  
  193  19:35  Corruptor x2  
  193  19:38  Overlord  
  184  19:58  Corruptor x3  
  180  20:06  Zergling x2  
  180  20:07  Zergling x24  
  175  20:10  Drone x3  
Show
View Real Time Build Order
Export as new Build Order

Semper Terran 

Build Orders: Liberator Opening, Reaper Expand 

Get SALT Encoding   

  12  0:01  SCV  
  13  0:13  SCV  
  14  0:17  Supply Depot  
  14  0:25  SCV  
  15  0:38  SCV  
  15  0:39  Barracks  
  16  0:43  Refinery  
  16  0:50  SCV  
  17  1:02  SCV  
  18  1:14  SCV  
  19  1:27  Orbital Command, Reaper  
  20  1:40  Command Center  
  20  1:49  Supply Depot  
  20  1:52  SCV  
  21  1:59  Marine  
  22  2:04  SCV  
  23  2:09  Factory  
  23  2:13  Refinery  
  23  2:16  SCV  
  23  2:22  Barracks Reactor  
  24  2:30  SCV  
  25  2:43  SCV  
  26  2:54  Orbital Command  
  26  2:55  SCV, Starport  
  27  3:02  Hellion x2  
  31  3:07  SCV  
  32  3:13  Marine  
  32  3:19  Liberator  
  34  3:20  SCV  
  34  3:22  SCV  
  34  3:24  Hellion x2  
  39  3:27  Supply Depot  
  39  3:32  SCV  
  39  3:34  SCV  
  44  3:44  SCV  
  44  3:46  SCV  
  46  3:49  Marine  
  46  3:54  Supply Depot  
  47  3:56  SCV  
  47  3:58  Factory Tech Lab  
  47  3:59  SCV  
  49  4:08  Barracks Tech Lab  
  49  4:10  SCV  
  49  4:11  Command Center  
  49  4:17  Siege Tank  
  53  4:19  Supply Depot, Viking  
  53  4:23  SCV x2  
  57  4:30  Marine, Stimpack  
  58  4:37  Supply Depot  
  58  4:39  Supply Depot  
  58  4:40  SCV x2, Supply Depot  
  60  4:52  Barracks  
  60  4:55  Siege Tank, SCV  
  60  4:56  Barracks  
  64  5:01  SCV  
  63  5:07  SCV  
  63  5:12  Marine  
  63  5:13  Starport Reactor  
  63  5:14  SCV  
  66  5:16  Engineering Bay x2  
  66  5:18  Refinery  
  66  5:19  Refinery  
  66  5:25  Orbital Command  
  66  5:28  Siege Tank  
  69  5:30  SCV  
  70  5:38  SCV  
  70  5:48  Barracks x2  
  69  5:50  SCV  
  69  5:52  Orbital Command  
  67  5:58  Terran Infantry Armor Level 1, Terran Infantry Weapons Level 1  
  67  6:03  SCV  
  68  6:04  Missile Turret  
  68  6:05  Marine, Missile Turret  
  68  6:08  Marine x4  
  68  6:10  Starport Reactor  
  67  6:23  Marine  
  62  6:26  Marine x4  
  62  6:32  SCV x2  
  67  6:40  Marine  
  67  6:41  Marine x2, Missile Turret  
  67  6:43  Marine  
  67  6:44  Marine x3  
  67  6:48  Medivac x2  
  71  6:58  Marine  
  71  6:59  Marine x2  
  63  7:01  Marine x2  
  63  7:02  Marine x2  
  63  7:03  SCV, Orbital Command  
  64  7:11  Siege Tank  
  64  7:12  SCV  
  64  7:15  SCV  
  69  7:16  Marine  
  69  7:18  Supply Depot, Medivac  
  69  7:19  Marine x2  
  74  7:23  Marine  
  74  7:25  SCV  
  74  7:26  Marine  
  74  7:27  SCV  
  74  7:28  Barracks Reactor  
  73  7:32  SCV  
  73  7:34  Marine  
  73  7:37  Marine x2, SCV, Barracks Reactor x2  
  75  7:41  Marine, SCV  
  80  7:44  Marine, SCV  
  80  7:47  Armory  
  80  7:49  Factory  
  80  7:51  SCV, Missile Turret  
  83  7:54  SCV  
  83  7:56  Siege Tank  
  83  7:58  Medivac x2  
  91  8:01  SCV  
  91  8:03  SCV  
  92  8:06  SCV  
  92  8:07  Marine x4  
  92  8:12  Marine  
  98  8:13  SCV, Supply Depot  
  98  8:14  Marine  
  98  8:15  SCV  
  98  8:17  Marine x2  
  98  8:18  SCV  
  103  8:23  Marine  
  103  8:24  Marine  
  103  8:25  Marine, SCV  
  107  8:29  Siege Tank  
  107  8:31  SCV x2  
  107  8:33  Factory Tech Lab  
  109  8:38  Marine x2, Combat Shield  
  109  8:39  Marine, Bunker  
  109  8:40  SCV  
  111  8:42  Refinery  
  111  8:43  SCV, Refinery x2  
  111  8:44  Marine x4  
  117  8:50  Marine  
  117  8:53  Marine  
  116  8:55  Supply Depot  
  116  8:56  Marine, Supply Depot x2  
  116  8:57  Marine  
  116  9:00  Marine  
  116  9:02  Marine  
  115  9:07  Siege Tank  
  105  9:11  Marine x3  
  105  9:13  Marine  
  105  9:16  Marine x2, SCV x2  
  108  9:17  Siege Tank  
  108  9:18  Marine  
  108  9:20  Marine  
  113  9:26  Command Center  
  113  9:28  Marine, SCV x2  
  113  9:29  Marine x2  
  117  9:31  Marine  
  117  9:34  Marine  
  117  9:36  Terran Infantry Weapons Level 2  
  118  9:39  SCV  
  118  9:43  Marine x3, Missile Turret  
  122  9:46  Marine  
  122  9:49  Marine  
  122  9:50  Marine  
  122  9:52  Marine, Barracks Reactor  
  126  9:53  SCV x2  
  126  9:58  SCV, Missile Turret  
  126  9:59  Terran Infantry Armor Level 2  
  129  10:01  Marine  
  129  10:05  SCV  
  129  10:06  Marine  
  132  10:08  Marine  
  132  10:13  Supply Depot x2  
  133  10:19  Barracks x2  
  133  10:20  Barracks  
  133  10:22  Missile Turret  
  133  10:24  Marine x2  
  135  10:34  Marine x2  
  135  10:35  Marine  
  137  10:36  Marine  
  137  10:39  SCV x2  
  136  10:43  Siege Tank  
  136  10:44  Marine  
  136  10:48  Marine  
  139  10:52  Marine x4  
  139  10:53  Marine, Siege Tank, Marauder  
  139  10:56  SCV x2  
  151  11:00  Refinery  
  151  11:04  Marine x2  
  124  11:05  Medivac x2  
  124  11:06  Marine, SCV  
  124  11:08  SCV  
  124  11:10  Marine  
  134  11:12  Barracks Tech Lab x2  
  134  11:13  Barracks Tech Lab  
  134  11:14  Marine, Marauder  
  137  11:22  Siege Tank  
  140  11:26  Thor  
  140  11:30  Marine  
  147  11:37  Marine x5, Missile Turret  
  149  11:52  Marine x5  
  146  11:54  Siege Tank  
  146  11:56  Marine x3  
  146  11:59  SCV  
  147  12:02  SCV  
  147  12:05  Marine  
  147  12:06  Marine  
  150  12:09  Medivac  
  150  12:10  Marine x3  
  155  12:20  Terran Infantry Weapons Level 3  
  155  12:26  Planetary Fortress  
  155  12:33  Medivac  
  155  12:36  Missile Turret  
  157  12:38  Siege Tank, Sensor Tower  
  160  12:46  Supply Depot  
  160  12:47  Medivac, Supply Depot  
  162  12:57  Supply Depot x2  
  164  12:58  Marauder  
  164  13:04  Marine x2, Medivac  
  163  13:06  Marauder x2  
  163  13:08  SCV  
  163  13:09  SCV x3  
  163  13:10  Marine x2  
  163  13:11  Marine  
  162  13:13  Marine  
  153  13:21  SCV x2  
  153  13:22  SCV  
  153  13:23  SCV  
  157  13:29  Marine, Missile Turret  
  157  13:31  Missile Turret  
  157  13:33  SCV  
  157  13:34  SCV x2  
  160  13:35  SCV  
  159  13:41  Barracks  
  159  13:42  Thor  
  159  13:45  SCV  
  159  13:46  SCV x2  
  159  13:47  Thor  
  176  13:48  Marauder  
  176  13:50  SCV  
  177  13:57  SCV  
  177  13:58  SCV, Missile Turret  
  179  14:06  Marine x4, Command Center  
  179  14:09  SCV x2  
  180  14:10  Marine  
  175  14:22  Marine  
  175  14:23  Marine x2, Marauder  
  171  14:25  Siege Tank, SCV  
  171  14:30  SCV  
  171  14:31  SCV  
  175  14:33  Marine  
  175  14:34  Marauder  
  175  14:36  Medivac  
  180  14:40  Missile Turret  
  180  14:42  Barracks Reactor, Missile Turret  
  180  14:43  Barracks Tech Lab  
  180  14:50  Starport  
  180  14:51  SCV, Starport  
  180  14:52  SCV  
  176  14:58  Siege Tank  
  179  15:02  Marine  
  179  15:06  SCV x2  
  176  15:09  Terran Infantry Armor Level 3  
  176  15:10  SCV  
  175  15:14  Refinery  
  175  15:15  Refinery  
  175  15:16  Terran Ship Weapons Level 1  
  167  15:23  Marine  
  167  15:27  SCV  
  163  15:35  Marauder x5  
  164  15:39  SCV  
  164  15:40  Ghost Academy  
  165  15:45  Marine  
  165  15:47  SCV x3  
  161  15:51  SCV  
  161  15:58  Starport Reactor  
  161  15:59  SCV x3, Starport Tech Lab  
  164  16:09  Viking x2  
  164  16:10  Ghost  
  170  16:13  Ghost  
  170  16:17  Ghost  
  174  16:25  Viking  
  176  16:39  Viking  
  178  16:41  Ghost  
  178  16:42  Ghost  
  178  16:46  Liberator  
  178  16:47  Liberator  
  182  16:50  Command Center  
  182  17:04  Marine  
  182  17:05  Marine x3  
  192  17:09  Command Center  
  192  17:10  Ghost  
  194  17:21  Siege Tank  
  191  17:34  Terran Vehicle And Ship Armor Level 1  
  159  17:40  Marine x5  
  159  17:41  Marine  
  132  17:44  Siege Tank  
  132  17:46  Marine x2  
  132  17:49  Marine  
  132  17:50  Marine  
  117  17:52  Marine  
  117  17:57  Siege Tank  
  117  17:58  Marine x2  
  115  18:00  Marine  
  115  18:01  Marine x3  
  115  18:04  Marine  
  115  18:05  SCV, Marauder  
  105  18:07  Marine  
  105  18:08  Marauder  
  105  18:10  Marine  
  104  18:16  Marine x2  
  104  18:18  Marine  
  104  18:19  Marine  
  104  18:20  SCV  
  104  18:26  Planetary Fortress  
  105  18:28  SCV  
  105  18:29  SCV  
  105  18:30  SCV  
  105  18:34  Marine x3  
  109  18:36  SCV  
  109  18:39  Viking  
  109  18:40  SCV  
  111  18:43  Viking  
  111  18:44  Marine  
  111  18:45  SCV x2  
  112  18:54  SCV x2  
  114  18:57  SCV  
  114  18:58  SCV  
  114  19:02  SCV  
  117  19:06  SCV x2, Viking x2  
  117  19:09  SCV  
  124  19:17  SCV x2  
  126  19:22  Refinery  
  126  19:24  SCV  
  126  19:28  Command Center  
  127  19:36  Viking x3  
  127  19:37  Marine  
  127  19:38  Marine x2  
  135  19:44  Viking  
  130  19:47  Ghost  
  132  19:53  Marine x3  
  114  20:02  Marine  
  114  20:03  Marine x2  
  114  20:07  Marine  
  95  20:13  SCV x2  
Tags
 
Add a new tag
Caveats
  • Supply blocks, unpowered buildings, or Contaminate may cause inaccurate times.
  • Supply counts are checked every 10 seconds.